Map: [ESL] Data-C

Players

Elazer

  • Race: Zerg Zerg
  • Spawn Location: 3:00

Neeb - Winner!

  • Race: Protoss Protoss
  • Spawn Location: 9:00

Event: DreamHack SC2 Masters 2022 Valencia

VOD

Have the link to the VOD?

Description

Time

  • Played on: July 1, 2022, 12:56 p.m.
  • Length: 13:21

All games in this series

Show
View Real Time Build Order
Export as new Build Order

Elazer Zerg 

Build Orders: Hatch First 

Get SALT Encoding   

  12  0:00  Drone  
  13  0:12  Overlord  
  13  0:16  Drone  
  14  0:30  Drone x2  
  16  0:49  Hatchery  
  15  0:51  Drone  
  15  0:55  Drone  
  17  0:59  Drone  
  18  1:09  Extractor  
  17  1:14  Spawning Pool  
  17  1:18  Drone  
  17  1:21  Drone  
  18  1:29  Drone  
  19  1:38  Drone  
  20  1:52  Drone  
  21  2:00  Queen  
  21  2:01  Queen, Zergling x2  
  25  2:02  Overlord  
  26  2:12  Drone x2  
  26  2:13  Metabolic Boost  
  28  2:22  Drone  
  29  2:23  Drone  
  30  2:35  Hatchery  
  29  2:42  Queen  
  31  2:45  Drone  
  31  2:47  Drone  
  31  2:51  Overlord  
  33  2:54  Drone  
  33  2:56  Drone  
  33  2:58  Drone  
  36  3:08  Queen, Overlord  
  38  3:14  Drone  
  38  3:17  Drone  
  38  3:18  Drone x2  
  42  3:22  Queen  
  44  3:29  Drone x2  
  44  3:31  Drone x2  
  44  3:32  Spore Crawler  
  47  3:39  Overlord  
  47  3:42  Drone  
  47  3:47  Drone x4  
  52  3:52  Drone x2  
  52  3:53  Drone x2  
  56  3:57  Queen  
  56  4:00  Queen  
  60  4:03  Overlord  
  60  4:07  Drone x2  
  62  4:10  Overlord  
  63  4:17  Zergling x6  
  63  4:20  Overlord x2  
  65  4:25  Drone  
  65  4:27  Extractor  
  65  4:28  Roach Warren  
  65  4:29  Drone x2  
  66  4:38  Drone x5  
  66  4:41  Drone x2  
  73  4:47  Overlord x2  
  73  4:49  Drone x2  
  73  4:51  Extractor  
  73  4:56  Drone x3  
  73  4:57  Drone x3  
  79  5:01  Lair  
  79  5:02  Zergling x2  
  79  5:03  Zergling x2  
  79  5:05  Zergling x2  
  82  5:12  Zergling x2  
  82  5:13  Zergling x8  
  87  5:20  Queen, Zergling x8  
  93  5:21  Queen  
  93  5:25  Overlord  
  93  5:27  Extractor, Drone  
  93  5:28  Evolution Chamber, Extractor  
  94  5:35  Overlord  
  88  5:36  Drone x5  
  88  5:44  Drone x6  
  88  5:49  Drone x2  
  93  5:50  Drone  
  93  5:54  Zerg Missile Weapons Level 1  
  94  5:59  Glial Reconstitution  
  94  6:05  Extractor, Drone x3, Hatchery  
  94  6:08  Drone x2  
  94  6:10  Overlord  
  94  6:13  Zergling x12  
  94  6:14  Zergling x2  
  101  6:22  Overlord x2  
  101  6:26  Roach x3  
  101  6:27  Overlord  
  107  6:34  Roach x2  
  107  6:39  Overlord  
  111  6:41  Roach  
  111  6:42  Roach x5  
  111  6:44  Overseer  
  111  6:47  Roach x2  
  125  6:53  Roach x2  
  125  6:54  Roach x3  
  131  6:59  Roach  
  132  7:05  Roach x2  
  136  7:13  Roach x4  
  144  7:16  Overlord  
  142  7:26  Roach x6  
  142  7:27  Overlord x2  
  152  7:35  Roach x4  
  152  7:36  Overlord  
  159  7:38  Overlord x2  
  159  7:48  Roach x8  
  172  7:55  Roach x2  
  176  7:59  Roach x5  
  176  8:01  Roach  
  176  8:02  Roach x2  
  187  8:07  Roach x3  
  174  8:20  Roach x3  
  174  8:21  Roach x6  
  174  8:23  Ravager  
  174  8:26  Ravager x2  
  189  8:28  Roach  
  189  8:33  Roach x4  
  161  8:42  Roach x8  
  161  8:43  Roach  
  175  8:51  Roach x5  
  185  8:57  Roach x3  
  185  8:58  Ravager x3  
  190  9:14  Roach x2  
  190  9:23  Ravager x4  
  190  9:26  Ravager  
  185  9:33  Roach, Ravager x3  
  185  9:34  Roach  
  174  9:47  Roach  
  174  9:48  Roach x12  
  170  9:56  Roach x10  
  176  10:02  Roach x5  
  181  10:14  Roach x6  
  181  10:20  Ravager x2  
  189  10:21  Roach  
  189  10:27  Ravager  
  188  10:36  Roach x2  
  179  10:55  Roach x12  
  168  11:04  Roach  
  168  11:05  Roach  
  168  11:09  Queen x3  
  167  11:16  Roach x4  
  146  11:28  Roach x6  
  146  11:29  Queen  
  151  11:33  Roach x2  
  151  11:37  Ravager  
  156  11:42  Roach x4  
  164  11:49  Hatchery  
  164  11:50  Roach x4  
  171  11:59  Overlord  
  171  12:02  Roach x3  
  177  12:12  Roach x4  
  144  12:25  Roach x10  
  148  12:31  Roach x6  
  156  12:38  Ravager x2  
  156  12:43  Roach  
  156  12:44  Roach x3  
  166  12:46  Ravager  
  166  12:47  Ravager  
  165  12:53  Roach  
  165  12:54  Roach x3  
Show
View Real Time Build Order
Export as new Build Order

Neeb Protoss - Winner!

Build Orders: 1 Gate Expand, Oracle Opening 

Get SALT Encoding   

  12  0:00  Probe  
  13  0:12  Probe  
  14  0:17  Pylon  
  14  0:24  Probe (Chrono Boost)  
  15  0:36  Probe (Chrono Boost)  
  15  0:38  Gateway  
  16  0:45  Probe (Chrono Boost)  
  16  0:46  Assimilator  
  17  0:51  Probe  
  18  1:03  Probe  
  19  1:15  Probe  
  20  1:24  Nexus  
  20  1:33  Cybernetics Core  
  20  1:37  Probe  
  21  1:43  Assimilator  
  21  1:49  Probe  
  21  1:51  Pylon  
  22  2:01  Probe (Chrono Boost)  
  23  2:09  Adept  
  23  2:10  Probe (Chrono Boost)  
  26  2:16  Probe (Chrono Boost)  
  26  2:20  Stargate  
  27  2:28  Probe (Chrono Boost)  
  28  2:30  Warp Gate  
  28  2:36  Probe (Chrono Boost)  
  30  2:38  Probe (Chrono Boost)  
  30  2:39  Adept  
  34  2:45  Probe (Chrono Boost)  
  34  2:46  Probe (Chrono Boost)  
  34  2:50  Probe (Chrono Boost)  
  34  2:54  Probe  
  34  2:56  Pylon  
  36  3:02  Probe  
  36  3:03  Oracle (Chrono Boost)  
  40  3:06  Probe  
  41  3:14  Probe  
  41  3:18  Probe  
  43  3:20  Gateway  
  43  3:25  Adept  
  43  3:26  Probe  
  46  3:30  Pylon, Probe  
  47  3:38  Probe  
  47  3:40  Void Ray (Chrono Boost)  
  52  3:42  Probe  
  53  3:50  Probe  
  53  3:55  Nexus  
  54  4:01  Probe  
  54  4:02  Shield Battery  
  55  4:06  Probe  
  55  4:09  Assimilator  
  56  4:10  Oracle, Assimilator  
  56  4:13  Probe  
  60  4:18  Probe  
  60  4:20  Pylon  
  61  4:24  Pylon  
  61  4:25  Probe  
  62  4:32  Forge  
  62  4:34  Twilight Council  
  62  4:38  Probe  
  62  4:39  Adept  
  62  4:40  Adept  
  62  4:42  Probe  
  68  4:50  Probe  
  69  4:54  Pylon, Probe  
  69  4:58  Blink  
  70  5:00  Adept x2  
  70  5:01  Protoss Ground Weapons Level 1 (Chrono Boost)  
  70  5:03  Probe  
  70  5:07  Gateway  
  75  5:08  Probe, Gateway  
  75  5:13  Probe (Chrono Boost)  
  77  5:15  Probe (Chrono Boost)  
  79  5:24  Probe (Chrono Boost)  
  79  5:26  Probe (Chrono Boost)  
  79  5:27  Probe (Chrono Boost)  
  81  5:34  Probe x2 (Chrono Boost)  
  84  5:35  Probe (Chrono Boost)  
  84  5:40  Probe  
  84  5:41  Probe  
  84  5:44  Probe  
  84  5:45  Stalker x2  
  84  5:48  Gateway  
  78  5:50  Gateway  
  78  5:52  Pylon  
  78  5:53  Gateway  
  78  5:54  Gateway  
  76  6:00  Robotics Facility  
  76  6:02  Stalker  
  76  6:03  Probe  
  79  6:04  Assimilator  
  79  6:06  Stalker  
  79  6:11  Stalker x2  
  83  6:29  Nexus  
  83  6:30  Pylon  
  83  6:31  Stalker x2  
  87  6:40  Pylon  
  87  6:48  Stalker x3  
  87  6:49  Stalker, Charge  
  87  6:53  Protoss Ground Weapons Level 2 (Chrono Boost)  
  95  6:56  Nexus, Photon Cannon  
  95  6:58  Observer, Shield Battery  
  96  7:04  Stalker x3  
  96  7:07  Stalker  
  104  7:10  Probe  
  106  7:16  Gateway  
  106  7:18  Gateway  
  106  7:20  Gateway  
  105  7:22  Pylon  
  105  7:23  Probe  
  105  7:26  Probe  
  105  7:27  Probe  
  105  7:28  Warp Prism  
  110  7:35  Probe  
  111  7:38  Probe  
  111  7:39  Probe  
  111  7:41  Stalker x3  
  119  7:46  Pylon  
  119  7:47  Probe  
  120  7:54  Stalker x4  
  128  8:06  Stalker x4  
  116  8:23  Stalker x6  
  125  8:32  Stalker x3  
  131  8:38  Pylon  
  121  8:47  Probe x2  
  123  8:49  Stalker x4  
  131  9:03  Zealot x4  
  135  9:15  Protoss Ground Weapons Level 3 (Chrono Boost)  
  133  9:17  Stalker x2  
  133  9:18  Stalker  
  133  9:20  Pylon  
  133  9:21  Pylon  
  133  9:22  Pylon  
  133  9:23  Pylon  
  133  9:31  Stalker x4  
  139  9:43  Stalker x3  
  139  9:44  Stalker x2  
  129  9:54  Probe x2  
  131  10:00  Pylon  
  131  10:01  Zealot  
  131  10:02  Zealot x3  
  135  10:11  Probe x2  
  135  10:13  Probe  
  132  10:19  Stalker x4  
  132  10:20  Robotics Bay  
  140  10:25  Stalker x2  
  140  10:28  Photon Cannon  
  144  10:30  Assimilator  
  142  10:36  Stalker x2  
  144  10:43  Stalker x4  
  122  10:57  Stalker x2  
  122  11:02  Stalker x2  
  122  11:06  Zealot x4  
  120  11:11  Shield Battery  
  120  11:14  Observer, Pylon  
  112  11:22  Disruptor (Chrono Boost)  
  111  11:30  Stalker x2  
  111  11:31  Stalker x6  
  125  11:37  Probe x2  
  127  11:41  Pylon  
  127  11:48  Assimilator x2  
  127  11:49  Disruptor (Chrono Boost)  
  127  11:50  Observer  
  127  11:53  Probe  
  127  11:54  Probe x3  
  134  11:57  Stalker x4  
  134  11:58  Stalker  
  144  12:04  Photon Cannon  
  144  12:05  Probe  
  144  12:06  Probe  
  141  12:26  Stalker  
  141  12:27  Stalker x7  
  153  12:41  Disruptor  
  156  12:49  Zealot x2  
  156  12:50  Zealot x5  
  170  12:53  Pylon  
  133  13:07  Stalker  
  127  13:21  Stalker  

Tags
 
Add a new tag
Caveats
  • Supply blocks, unpowered buildings, or Contaminate may cause inaccurate times.
  • Supply counts are checked every 10 seconds.